Map: [ESL] Data-C

Players

Serral - Winner!

  • Race: Zerg Zerg
  • Spawn Location: 3:00

Spirit (souL)

  • Race: Terran Terran
  • Spawn Location: 9:00

Event: HomeStory Cup XXI

VOD

Have the link to the VOD?

Description

Time

  • Played on: July 23, 2022, 3:01 p.m.
  • Length: 16:53

All games in this series

Show
View Real Time Build Order
Export as new Build Order

Serral Zerg - Winner!

Build Orders: Hatch First 

Get SALT Encoding   

  12  0:00  Drone  
  13  0:11  Overlord  
  13  0:16  Drone  
  14  0:30  Drone x2  
  16  0:48  Hatchery  
  15  0:51  Drone  
  15  0:54  Drone  
  17  0:58  Drone  
  18  1:09  Extractor  
  17  1:13  Spawning Pool  
  17  1:17  Drone  
  17  1:20  Drone  
  18  1:27  Drone  
  19  1:38  Drone  
  20  1:48  Drone  
  21  2:00  Queen x2  
  21  2:01  Zergling x4  
  27  2:10  Overlord  
  27  2:11  Drone  
  28  2:26  Hatchery  
  28  2:27  Drone  
  28  2:28  Drone  
  29  2:32  Drone  
  29  2:33  Drone  
  31  2:37  Metabolic Boost  
  31  2:45  Queen  
  31  2:49  Overlord  
  33  2:53  Drone  
  33  2:55  Drone  
  33  2:56  Drone  
  36  3:03  Overlord  
  36  3:10  Drone x4  
  40  3:14  Queen  
  40  3:17  Drone  
  40  3:19  Drone  
  44  3:23  Queen  
  46  3:27  Drone  
  46  3:31  Drone  
  48  3:37  Drone  
  48  3:40  Queen  
  51  3:44  Overlord  
  51  3:45  Drone x3  
  51  3:46  Drone  
  55  3:49  Drone  
  55  3:52  Queen  
  58  4:02  Queen  
  60  4:03  Overlord  
  60  4:05  Drone x3  
  60  4:06  Drone  
  60  4:07  Drone  
  65  4:10  Zergling x2  
  65  4:15  Overlord  
  66  4:23  Overlord, Zergling x4  
  68  4:25  Drone  
  68  4:29  Drone  
  70  4:31  Lair  
  70  4:32  Drone x2  
  70  4:33  Drone x2  
  70  4:36  Zergling x2  
  75  4:39  Drone  
  76  4:45  Baneling Nest, Overlord  
  76  4:46  Extractor x2  
  76  4:49  Zergling x4  
  75  4:54  Drone x3  
  75  4:55  Drone  
  75  4:58  Drone  
  75  4:59  Spore Crawler  
  79  5:00  Spore Crawler, Queen, Drone  
  79  5:01  Spore Crawler, Drone  
  79  5:02  Drone x2  
  79  5:06  Spore Crawler, Drone  
  83  5:11  Extractor  
  82  5:15  Drone x5  
  82  5:18  Drone  
  88  5:22  Hatchery  
  88  5:23  Drone  
  88  5:24  Drone x3  
  88  5:26  Drone  
  92  5:30  Overseer  
  92  5:31  Drone  
  92  5:32  Centrifugal Hooks, Overseer  
  92  5:35  Drone x3  
  94  5:40  Evolution Chamber, Drone  
  94  5:41  Extractor  
  94  5:42  Evolution Chamber, Drone  
  95  5:44  Overlord  
  95  5:53  Drone x3  
  96  5:57  Drone x2  
  96  6:01  Overlord  
  96  6:04  Drone x3  
  100  6:11  Zerg Melee Weapons Level 1  
  100  6:12  Overlord, Zerg Ground Armor Level 1  
  100  6:16  Zergling x4, Hydralisk Den  
  100  6:17  Zergling x8  
  105  6:22  Drone x2  
  105  6:24  Drone  
  108  6:30  Drone  
  108  6:32  Drone  
  110  6:34  Drone  
  110  6:35  Drone  
  110  6:37  Hatchery  
  111  6:40  Overlord  
  111  6:41  Zergling x16  
  111  6:44  Zergling x6  
  111  6:46  Baneling x8  
  122  6:47  Baneling x3  
  122  6:48  Zergling x2, Muscular Augments  
  122  6:53  Zergling x2  
  124  6:57  Zergling x4  
  124  7:00  Overlord  
  126  7:04  Zergling x4  
  126  7:05  Hatchery  
  126  7:06  Zergling x2  
  126  7:12  Extractor  
  126  7:13  Infestation Pit, Drone x5  
  126  7:14  Zergling x8  
  133  7:16  Drone  
  133  7:18  Zergling x2  
  133  7:20  Zergling x8  
  139  7:26  Hatchery  
  137  7:30  Overlord x2  
  137  7:31  Overlord x2  
  137  7:33  Zergling x2  
  137  7:34  Baneling x4  
  136  7:42  Zergling x16  
  144  7:51  Zergling x12  
  150  7:57  Hive  
  150  7:58  Overlord  
  150  7:59  Grooved Spines  
  150  8:00  Baneling x2, Hydralisk x6  
  162  8:08  Zerg Ground Armor Level 2, Zerg Melee Weapons Level 2  
  162  8:13  Extractor, Drone x4  
  162  8:16  Overlord, Pneumatized Carapace  
  165  8:22  Overlord  
  165  8:26  Hydralisk x3  
  171  8:27  Lurker Den  
  171  8:29  Drone x8  
  171  8:31  Baneling  
  171  8:32  Baneling x5  
  178  8:41  Burrow  
  178  8:42  Drone  
  178  8:43  Drone x3  
  178  8:44  Drone, Overseer  
  178  8:45  Drone x5  
  188  8:55  Baneling x5  
  183  9:10  Viper x2  
  186  9:21  Spore Crawler  
  186  9:22  Spore Crawler, Drone x3  
  186  9:24  Extractor  
  186  9:25  Seismic Spines  
  186  9:26  Adrenal Glands  
  186  9:30  Extractor  
  185  9:32  Hatchery  
  185  9:33  Zergling x2  
  185  9:34  Zergling x30  
  199  9:43  Hatchery  
  198  9:54  Baneling x16  
  198  10:04  Spore Crawler  
  198  10:06  Zergling x4  
  199  10:08  Baneling x3  
  199  10:09  Baneling x7  
  196  10:14  Zergling x2  
  196  10:15  Zergling x6  
  199  10:22  Adaptive Talons  
  199  10:25  Zerg Ground Armor Level 3  
  199  10:26  Zerg Missile Weapons Level 1  
  177  10:57  Zergling x2  
  177  10:58  Zergling x56  
  177  11:01  Zergling x24  
  197  11:13  Baneling x15, Zergling x2  
  197  11:14  Zergling x4  
  200  11:21  Nydus Network, Spire  
  200  11:24  Drone x2  
  200  11:29  Baneling x4  
  200  11:33  Overseer  
  195  11:40  Zergling x8  
  199  11:50  Baneling x6  
  199  11:57  Spore Crawler  
  199  11:58  Drone x2  
  182  12:10  Zergling x8  
  182  12:11  Zergling x24  
  183  12:22  Zergling x6  
  182  12:23  Zergling x30  
  182  12:27  Zergling x20  
  199  12:31  Baneling x6  
  199  12:32  Baneling x7, Nydus Canal  
  199  12:34  Zerg Missile Weapons Level 2  
  199  12:36  Baneling x8  
  199  12:42  Zerg Flyer Weapons Level 1  
  199  12:48  Nydus Canal  
  185  13:03  Zerg Melee Weapons Level 3, Zergling x44, Hatchery  
  185  13:04  Zergling x4  
  190  13:11  Zergling x16  
  190  13:12  Zergling x20  
  196  13:16  Baneling x9  
  196  13:31  Nydus Canal  
  195  13:48  Zergling x34  
  196  13:52  Zergling x16  
  196  13:53  Zergling x4  
  193  13:58  Zergling x26  
  193  14:02  Nydus Canal  
  199  14:08  Baneling x18  
  199  14:14  Spore Crawler  
  199  14:15  Baneling x4  
  198  14:19  Nydus Canal  
  198  14:21  Baneling x5  
  198  14:22  Baneling x3  
  192  14:31  Zergling x18  
  195  14:40  Zergling x20  
  200  14:48  Greater Spire  
  192  15:05  Zergling x36  
  192  15:06  Zergling x14  
  191  15:09  Zergling x14  
  191  15:10  Zergling x4  
  191  15:11  Baneling  
  191  15:12  Baneling x9  
  191  15:13  Baneling x8  
  191  15:14  Baneling x11  
  199  15:15  Baneling x6  
  199  15:19  Nydus Canal  
  199  15:30  Unknown  
  198  15:36  Baneling x2  
  198  15:37  Baneling x4  
  198  15:42  Baneling x7  
  198  15:46  Zergling x2  
  194  15:54  Hatchery  
  194  15:55  Zergling x8  
  194  15:56  Zergling x50  
  186  16:00  Zergling x34  
  193  16:05  Zergling x6  
  193  16:07  Overseer  
  193  16:08  Overlord x2  
  196  16:17  Overlord, Baneling x5  
  196  16:18  Overlord, Overseer  
  196  16:20  Overseer  
  192  16:36  Zergling x4  
Show
View Real Time Build Order
Export as new Build Order

Spirit Terran 

Build Orders: Command Center First (CC), Hellion Banshee 

Get SALT Encoding   

  12  0:00  SCV  
  13  0:12  SCV  
  14  0:17  Supply Depot  
  14  0:25  SCV  
  15  0:39  SCV  
  16  0:51  SCV  
  17  1:01  Command Center  
  17  1:04  SCV  
  18  1:14  Barracks  
  18  1:18  SCV  
  19  1:25  Refinery  
  19  1:30  SCV  
  20  1:33  Refinery  
  20  1:42  SCV  
  21  2:02  Orbital Command  
  21  2:03  Reaper  
  22  2:13  Orbital Command  
  22  2:25  Factory  
  22  2:28  SCV  
  23  2:37  Barracks Reactor  
  23  2:39  SCV  
  23  2:40  SCV  
  25  2:48  Command Center  
  26  2:51  SCV  
  26  2:53  SCV  
  26  2:57  Supply Depot  
  27  3:03  SCV  
  27  3:05  SCV  
  29  3:12  Starport  
  29  3:15  SCV  
  29  3:17  Hellion x2  
  34  3:20  SCV  
  34  3:23  Barracks Tech Lab  
  35  3:27  SCV  
  35  3:29  Supply Depot  
  35  3:32  SCV  
  37  3:39  Hellion x2, SCV  
  42  3:44  SCV  
  43  3:51  SCV  
  43  3:53  Banshee  
  47  3:56  SCV  
  47  3:59  Cloaking Field  
  47  4:02  Orbital Command  
  48  4:04  SCV  
  48  4:06  Hellion x2  
  48  4:08  SCV  
  54  4:10  Barracks Tech Lab  
  54  4:14  Supply Depot  
  54  4:16  SCV  
  55  4:20  SCV  
  56  4:28  SCV x2  
  58  4:32  SCV  
  58  4:35  Orbital Command, Barracks  
  58  4:36  Banshee  
  58  4:37  Supply Depot  
  62  4:39  Stimpack  
  62  4:40  Barracks, SCV  
  62  4:43  Refinery  
  62  4:45  Refinery, SCV, Marine  
  65  4:49  Factory Reactor  
  65  4:52  SCV  
  66  4:55  Engineering Bay  
  66  4:57  Engineering Bay, SCV  
  67  5:01  SCV  
  67  5:02  Marine  
  67  5:04  SCV, Supply Depot  
  70  5:09  SCV  
  70  5:13  SCV  
  72  5:16  SCV  
  72  5:20  Marine  
  72  5:21  SCV  
  75  5:24  Command Center  
  75  5:27  SCV  
  76  5:28  Bunker, SCV  
  76  5:30  Starport Reactor, Supply Depot, Terran Infantry Weapons Level 1  
  77  5:36  Terran Infantry Armor Level 1  
  77  5:37  SCV  
  77  5:39  Marine x2  
  77  5:41  Siege Tank, Marine x3  
  86  5:45  SCV  
  87  5:51  SCV  
  85  5:57  Marine x2  
  85  5:59  Marine x2  
  85  6:02  SCV  
  85  6:03  Barracks, SCV, Marine  
  92  6:06  Barracks  
  92  6:11  Supply Depot  
  92  6:13  Medivac, Siege Tank, Supply Depot  
  92  6:15  Medivac, Marine  
  92  6:16  SCV  
  101  6:19  Combat Shield  
  101  6:32  SCV x3, Marine x4  
  108  6:33  Marine  
  108  6:38  Supply Depot x2  
  109  6:40  Supply Depot  
  109  6:43  Medivac  
  109  6:45  Medivac  
  113  6:47  SCV  
  113  6:50  SCV, Marine  
  113  6:53  SCV  
  117  6:57  Refinery x2  
  117  6:58  Barracks Tech Lab, Marauder  
  117  6:59  Marine x3, SCV, Barracks Reactor  
  122  7:02  SCV  
  122  7:04  Supply Depot  
  122  7:06  SCV  
  122  7:07  Marine  
  125  7:08  Armory  
  125  7:10  Missile Turret  
  125  7:12  SCV  
  125  7:14  Siege Tank  
  129  7:17  Marine x3  
  129  7:18  SCV  
  129  7:20  Marine, Marauder  
  129  7:22  SCV  
  137  7:25  Marine  
  137  7:27  SCV  
  139  7:30  SCV, Planetary Fortress  
  139  7:34  SCV  
  139  7:35  Marine x3  
  144  7:38  Marauder  
  144  7:40  Marine  
  144  7:41  SCV, Marine  
  144  7:43  Marine  
  150  7:46  Siege Tank  
  150  7:48  Factory  
  150  7:49  Marine  
  154  7:53  Marine x3  
  154  7:56  SCV x2  
  154  7:57  Command Center  
  159  7:58  Marine  
  159  7:59  Marine x2  
  159  8:00  SCV  
  159  8:01  Marine  
  164  8:06  Terran Infantry Armor Level 2, Sensor Tower  
  164  8:12  Supply Depot  
  164  8:14  Supply Depot  
  164  8:15  Terran Infantry Weapons Level 2, Supply Depot  
  164  8:16  Supply Depot  
  164  8:21  Marine  
  164  8:22  SCV x2  
  164  8:33  SCV x2, Siege Tank  
  164  8:34  SCV, Marauder  
  172  8:36  Concussive Shells  
  172  8:37  Barracks  
  172  8:38  Barracks x2  
  172  8:44  Factory Tech Lab  
  172  8:50  Refinery x2  
  172  8:52  Marine, Marauder  
  172  8:55  Terran Vehicle Weapons Level 1  
  175  8:56  Ghost Academy  
  175  9:05  Siege Tank, Command Center  
  177  9:10  Marauder  
  177  9:13  Marauder  
  177  9:16  Siege Tank, Medivac x2  
  178  9:17  Marine  
  175  9:24  Sensor Tower  
  175  9:30  Barracks Tech Lab x2  
  175  9:31  Barracks Tech Lab, Marauder  
  177  9:33  SCV  
  177  9:35  Marauder  
  177  9:38  Siege Tank  
  183  9:45  Command Center  
  183  9:48  Siege Tank  
  194  10:08  Ghost x2  
  194  10:10  Siege Tank  
  193  10:15  Ghost  
  193  10:19  Orbital Command  
  193  10:21  Siege Tank  
  198  10:22  Ghost  
  198  10:24  Command Center  
  198  10:26  Command Center  
  198  10:28  Command Center  
  200  10:31  Missile Turret  
  200  10:32  Missile Turret  
  200  10:33  Missile Turret  
  200  10:42  Refinery  
  200  10:46  Sensor Tower  
  200  10:47  Refinery  
  192  10:55  Ghost  
  180  10:57  Siege Tank  
  180  11:01  Siege Tank  
  180  11:02  Ghost  
  163  11:07  Ghost  
  165  11:13  Marine, Missile Turret, Marauder, Command Center  
  165  11:14  Marauder  
  170  11:21  Marine  
  170  11:24  Marine, Marauder  
  174  11:27  SCV x5  
  174  11:29  Siege Tank  
  174  11:31  Marauder  
  174  11:32  Marine  
  184  11:33  Siege Tank  
  184  11:35  Marauder x2  
  184  11:36  Marauder  
  184  11:39  SCV  
  195  11:46  Ghost  
  194  11:50  Missile Turret  
  194  12:01  Siege Tank  
  194  12:05  Refinery, Siege Tank  
  194  12:08  Marine  
  182  12:09  Marine  
  182  12:12  Marine x3  
  163  12:17  Marine, Marauder x5  
  163  12:26  Marine  
  163  12:27  SCV, Marine  
  163  12:28  SCV x4  
  158  12:30  Marine x3  
  158  12:33  Siege Tank  
  158  12:34  Marine, Medivac  
  167  12:37  Ghost  
  167  12:38  Siege Tank, Medivac, Marauder x4  
  167  12:40  SCV x4  
  186  12:45  Orbital Command  
  186  12:50  Marine  
  182  12:59  Ghost  
  182  13:00  Marauder  
  182  13:02  Marine  
  182  13:05  Siege Tank, Marine, Marauder  
  155  13:06  Marine  
  155  13:10  Siege Tank, Marine x3  
  149  13:16  Medivac  
  149  13:18  SCV  
  149  13:19  SCV x5  
  157  13:31  Missile Turret  
  157  13:37  Viking, Siege Tank  
  162  13:41  Ghost  
  150  13:49  Medivac  
  150  13:52  Marine x10  
  139  14:07  Medivac  
  141  14:10  Ghost x2, Marine x5  
  141  14:11  Marauder x2  
  141  14:13  Siege Tank  
  157  14:19  Medivac  
  157  14:23  Siege Tank  
  162  14:24  Marine  
  162  14:25  Marauder  
  162  14:27  Marine  
  162  14:28  Marine  
  162  14:30  Marine  
  162  14:31  Marine x2  
  159  14:32  Marauder x2  
  159  14:37  Medivac  
  148  14:39  Marine, Marauder  
  148  14:42  Marine  
  148  14:45  Siege Tank  
  155  14:46  Marauder  
  155  14:49  Medivac  
  159  14:53  Ghost x2  
  159  14:55  Siege Tank  
  156  15:00  Marine x2  
  156  15:01  Marine  
  156  15:02  Marine  
  156  15:03  Marine, Marauder  
  156  15:05  Marine, Marauder  
  135  15:07  Medivac, Marauder  
  139  15:16  Planetary Fortress  
  139  15:17  Siege Tank  
  139  15:19  Medivac  
  144  15:26  SCV x2  
  144  15:28  Ghost  
  148  15:37  Sensor Tower  
  148  15:41  Marauder x2, Command Center  
  149  15:56  Orbital Command  
  123  15:59  Siege Tank  
  123  16:00  Marine, Marauder x3  
  123  16:01  Marine x5  
  123  16:02  Marine  
  120  16:06  Medivac  
  120  16:10  Medivac  
  124  16:17  Ghost  
  126  16:22  SCV x2  
  128  16:26  Marine  
  128  16:28  Marine  
Tags
 
Add a new tag
Caveats
  • Supply blocks, unpowered buildings, or Contaminate may cause inaccurate times.
  • Supply counts are checked every 10 seconds.